 Dungeon Crawl Stone Soup version 0.23-a0-703-gdf2d5e0 (webtiles) character file.

926 zishaf the Sneak (level 8, -5/48 HPs)
             Began as a Kobold Arcane Marksman on Jan 13, 2019.
             Slain by minmay's ghost (6 damage)
             ... on level 5 of the Dungeon.
             The game lasted 00:13:52 (6087 turns).

zishaf the Sneak (Kobold Arcane Marksman)           Turns: 6087, Time: 00:13:53

Health: -5/48      AC:  5    Str:  9    XL:     8   Next: 32%
Magic:  0/9        EV: 19    Int: 14    God:
Gold:   247        SH:  0    Dex: 16    Spells: 5/9 levels left

rFire    . . .     SeeInvis .   a - +0 rapier
rCold    . . .     Gourm    .   (shield restricted)
rNeg     . . .     Faith    .   s - +2 robe {MR+}
rPois    .         Spirit   +   t - +0 helmet
rElec    .         Reflect  .   c - scarf {Spirit}
rCorr    .         Harm     .   (no gloves)
MR       +....                  (no boots)
Stlth    ++++......             (no amulet)
HPRegen  0.16/turn              r - +1 ring of evasion
MPRegen  0.11/turn              y - ring of stealth

@: no status effects
A: small, carnivore
a: no special abilities


You were on level 5 of the Dungeon.
You were very full.

You visited 1 branch of the dungeon, and saw 5 of its levels.

You collected 247 gold pieces.

Inventory:

Hand Weapons
 a - a +0 rapier (weapon)
 b - a +1 hand crossbow
Missiles
 d - 21 bolts
 e - 147 stones (quivered)
 A - 14 poisoned needles
Armour
 c - a scarf of spirit shield (worn)
 s - a +2 robe of magic resistance (worn)
 t - a +0 helmet (worn)
Jewellery
 r - a +1 ring of evasion (left hand)
 u - an uncursed ring of resist corrosion
 y - a ring of stealth (right hand)
 E - an uncursed ring of poison resistance
Wands
 v - a wand of iceblast (7)
Scrolls
 g - 3 scrolls of remove curse
 h - 2 scrolls of fog
 j - 2 scrolls of random uselessness {unknown}
 k - a scroll of teleportation
 p - a scroll of enchant weapon
 q - a scroll of immolation {unknown}
 w - a scroll of amnesia
 C - a scroll of magic mapping
 D - a scroll of identify
Potions
 i - 3 potions of flight
 l - a potion of agility
 m - a potion of berserk rage {unknown}
 n - 2 potions of mutation {unknown}
 o - 2 potions of curing
 x - a potion of lignification
 z - a potion of ambrosia
Comestibles
 f - 9 rations


   Skills:
 + Level 4.5 Fighting
 + Level 5.2 Short Blades
 - Level 2.4 Crossbows
 + Level 5.4 Dodging
 + Level 5.8 Stealth
 - Level 1.1 Spellcasting
 - Level 3.0 Hexes
 - Level 3.0 Translocations


You had 5 spell levels left.
You knew the following spells:

 Your Spells              Type           Power        Failure   Level  Hunger
a - Corona                Hex            #......      8%          1    ##.....
b - Portal Projectile     Hex/Tloc       #.....       22%         3    ####...

Your spell library contained the following spells:

 Spells                   Type           Power        Failure   Level  Hunger
 Slow                     Hex            #.......     12%         2    ###....
 Beastly Appendage        Tmut           #.....       26%         1    ##.....
 Sticks to Snakes         Tmut           #.......     36%         2    ###....
 Inner Flame              Hex/Fire       #.......     38%         3    ####...
 Cause Fear               Hex            #.........   58%         4    #####..
 Spider Form              Tmut/Pois      #.........   61%         3    ####...
 Leda's Liquefaction      Hex/Erth       #.........   80%         4    #####..
 Ice Form                 Ice/Tmut       #.......     95%         4    #####..
 Blade Hands              Tmut           #.........   100%        5    ######.


Dungeon Overview and Level Annotations

Branches:
Dungeon (5/15)
 Temple: D:4-7

Altars:
Ashenzari
Cheibriados
Elyvilon
Makhleb
Nemelex Xobeh
Okawaru
Ru
Xom
Zin

Annotations:
D:5 minmay's ghost, novice OpSk


Innate Abilities, Weirdness & Mutations

You are small and have problems with some larger weapons.
You are carnivorous and can eat meat at any time.


Message History

Minmay's ghost hits you.
* * * LOW HITPOINT WARNING * * *
You hit minmay's ghost.
Minmay's ghost is heavily damaged.
Minmay's ghost is no longer regenerating.
Minmay's ghost casts a spell.
Minmay's ghost's wounds begin to heal before your eyes!
You barely miss minmay's ghost.
Minmay's ghost is heavily damaged.
Minmay's ghost hits you.
You hit minmay's ghost.
Minmay's ghost is severely damaged.
Minmay's ghost hits you but does no damage.
You miss minmay's ghost.
Minmay's ghost is severely damaged.
Minmay's ghost closely misses you.
You miss minmay's ghost.
Minmay's ghost is severely damaged.
Minmay's ghost hits you.
You die...

.##....# #.....#.....# #.#
.##....###.....#.##..# #.#
###...........<...#..# #.#
###....###.....#..#..# #.#
.##....# #.....#..#..# #.####
.##....# #.....#..#..# ##.....
.##....# #.....#..#..# ####..####
..#....# #####..###..###.......#.
#.#.#.## #..@....##..###.....
#...#.# ##W##...#..#.####...
##..#.# #.≈.#.....#.#._.#...
....#.# #.≈.#....##...8..#.#
....#.########.≈.#...##.........#
..#.#......<.#.≈.#...#.........(#
..#>##########.$.###.######.#####
..###### #####...#.#.##..###.
..##...# #.# ###.............


You could see minmay's ghost.

Vanquished Creatures
  2 ice beasts
  A centaur (D:5)
  A crimson imp (D:5)
  A centaur zombie (D:5)
  A bullfrog zombie (D:3)
  3 hounds
  2 orc priests (D:4)
  Terence (D:2)
  Jessica (D:2)
  A bullfrog skeleton (D:4)
  An iguana (D:5)
  2 worker ants (D:4)
  Robin (D:2)
  7 gnolls (D:5)
  8 adders
  An ooze (D:2)
  2 worms
  2 dart slugs (D:1)
  3 leopard geckos
  11 orcs
  2 giant cockroaches
  20 goblins
  3 hobgoblins
  9 kobolds
  A quokka (D:5)
  6 bats
  2 frilled lizards
  A giant cockroach zombie (D:5)
  A quokka zombie (D:5)
  9 rats
106 creatures vanquished.

Vanquished Creatures (others)
  An ooze (D:3)
  A goblin (D:3)
2 creatures vanquished.

Grand Total: 108 creatures vanquished

Notes
Turn   | Place    | Note
-------+----------+-------------------------------------------
     0 | D:1      | zishaf the Kobold Arcane Marksman began the quest for the
                  | Orb.
     0 | D:1      | Reached XP level 1. HP: 12/12 MP: 2/2
   130 | D:1      | Reached skill level 1 in Stealth
   130 | D:1      | Reached XP level 2. HP: 16/16 MP: 3/3
   227 | D:1      | Reached skill level 1 in Short Blades
   260 | D:1      | Reached XP level 3. HP: 7/21 MP: 4/4
   757 | D:1      | Learned a level 3 spell: Portal Projectile
   873 | D:2      | Reached XP level 4. HP: 21/26 MP: 5/5
  1156 | D:2      | Noticed Jessica
  1176 | D:2      | Killed Jessica
  1555 | D:2      | Noticed Terence
  1790 | D:2      | Reached skill level 1 in Translocations
  1792 | D:2      | Reached XP level 5. HP: 31/31 MP: 6/6
  1835 | D:2      | Noticed Robin
  1895 | D:2      | Killed Robin
  2425 | D:2      | Killed Terence
  2480 | D:3      | Found a burning altar of Makhleb.
  2685 | D:3      | Found a white marble altar of Elyvilon.
  2771 | D:3      | Reached XP level 6. HP: 30/36 MP: 7/7
  2802 | D:3      | Found a shimmering altar of Xom.
  3371 | D:4      | Found an iron altar of Okawaru.
  3919 | D:4      | Reached XP level 7. HP: 37/41 MP: 8/8
  4081 | D:4      | Found a snail-covered altar of Cheibriados.
  4275 | D:3      | Found a sacrificial altar of Ru.
  4283 | D:5      | Entered Level 5 of the Dungeon
  4299 | D:5      | Found a runed door.
  4326 | D:5      | Noticed minmay's ghost (novice OpSk)
  4338 | D:5      | Found a sparkling altar of Nemelex Xobeh.
  4751 | D:5      | Found a glowing silver altar of Zin.
  4862 | D:5      | Reached skill level 5 in Dodging
  4862 | D:5      | Reached skill level 5 in Stealth
  4862 | D:5      | Reached XP level 8. HP: 9/48 MP: 1/9
  5180 | D:5      | Found a shattered altar of Ashenzari.
  5280 | D:5      | Reached skill level 5 in Short Blades
  6077 | D:5      | HP: 2/48 [minmay's ghost (2)]
  6082 | D:5      | HP: 1/48 [minmay's ghost (1)]
  6087 | D:5      | Slain by minmay's ghost

Vault maps used:
D:1:      minmay_arrival_widening_spiral_wide
D:2:      first_ration, corexii_item_surrounded_by_moat, uniq_jessica,
          uniq_terence, uniq_robin
D:3:      nicolae_overflow_hidden_temple, bloody_makhleb, elyvilon_altar_4,
          lemuel_doored_altar, serial_curves, eino_curves_04, eino_curves_04
D:4:      kennysheep_mini_moat, okawaru_gym_becter
D:5:      cheibrodos_ashenzari_chains, zin_treasury,
          ebering_ghost_reflecting_pool, minmay_ruined_shrine

Skill      XL: |  1  2  3  4  5  6  7  8 |
---------------+-------------------------+-----
Stealth        | 1 2 3 4 5 |  5.8
Short Blades   | 1 2 3 4 5 |  5.2
Dodging        | 3 4 5 |  5.4
Fighting       | 2 3 4 |  4.5
Translocations | 1 2 3 |  3.0
Crossbows      | |  2.4
Spellcasting   | |  1.1
Hexes          | |  3.0

Action                   |  1- 3 |  4- 6 |  7- 9 || total
-------------------------+-------+-------+-------++-------
Melee: Short sword       |    79 |   224 |    17 ||   320
       Rapier            |       |       |   162 ||   162
 Fire: Hand crossbow     |    20 |    76 |    85 ||   181
Throw: Stone             |     3 |       |       ||     3
 Cast: Corona            |       |     1 |       ||     1
       Portal Projectile |       |       |     1 ||     1
  Use: Scroll            |       |     7 |     3 ||    10
 Stab: Sleeping          |       |     1 |     2 ||     3
  Eat: Chunk             |     8 |    10 |     6 ||    24
Armor: Leather armour    |    17 |    20 |       ||    37
       Robe              |       |     5 |    37 ||    42
Dodge: Dodged            |    71 |   167 |   158 ||   396

Table legend:
 A = Non-vault XP
 B = Vault XP
 C = Vault XP percentage of total XP
 D = Non-vault monster count
 E = Vault monster count
 F = Vault count percentage of total count
                 A         B        C        D         E       F
            +---------+---------+-------+---------+---------+-------
      Total |    1039 |     284 |  21.5 |      89 |      17 |  16.0
            +---------+---------+-------+---------+---------+-------
        D:1 |      55 |       0 |   0.0 |      29 |       0 |   0.0
        D:2 |      42 |     111 |  72.5 |      10 |      13 |  56.5
        D:3 |      88 |       0 |   0.0 |      14 |       0 |   0.0
        D:4 |     291 |     132 |  31.2 |      18 |       1 |   5.3
        D:5 |     563 |      41 |   6.8 |      18 |       3 |  14.3
            +---------+---------+-------+---------+---------+-------
